 Dungeon Crawl Stone Soup version 0.27-a0-1308-gc08437e49b (webtiles) character file.

Game seed: 15577407094498878721

52 mordus the Covered (level 3, -11/31 HPs)
             Began as a Minotaur Fighter on June 18, 2021.
             Mangled by Terence (20 damage)
             ... on level 2 of the Dungeon.
             The game lasted 00:00:54 (1336 turns).

mordus the Covered (Minotaur Fighter)               Turns: 1336, Time: 00:00:55

Health: -11/31     AC:  7    Str: 20    XL:     3   Next: 60%
Magic:  2/2        EV:  7    Int:  5    God:
Gold:   75         SH:  9    Dex: 10    Spells: 2/2 levels left

rFire    . . .     SeeInvis .   a - +0 war axe
rCold    . . .     Faith    .   c - +0 kite shield
rNeg     . . .     Spirit   .   b - +0 scale mail
rPois    .         Reflect  .   (helmet restricted)
rElec    .         Harm     .   (no cloak)
rCorr    .         Rampage  .   (no gloves)
Will     .....                  (no boots)
Stlth    ..........             (no amulet)
HPRegen  0.10/turn              (no ring)
MPRegen  0.08/turn              (no ring)

@: no status effects
A: horns 2, retaliatory headbutt
a: no special abilities


You were on level 2 of the Dungeon.
You visited 1 branch of the dungeon, and saw 2 of its levels.

You collected 75 gold pieces.

Inventory:

Hand Weapons
 a - a +0 war axe (weapon)
Armour
 b - a +0 scale mail (worn)
 c - a +0 kite shield (worn)
Scrolls
 g - 2 scrolls of immolation {unknown}
Potions
 d - a potion of might
 e - a potion of brilliance {unknown}
 f - a potion of berserk rage {unknown}
 h - a potion of haste {unknown}
 i - a potion of curing


   Skills:
 - Level 3.6 Fighting
 * Level 3.9 Axes
 + Level 4.2 Armour
 + Level 4.1 Shields


You had 2 spell levels left.
You didn't know any spells.
Your spell library was empty.

Dungeon Overview and Level Annotations

Branches:
Dungeon (2/15)

Altars:

Annotations:
D:2 Terence


Innate Abilities, Weirdness & Mutations

You have a pair of horns on your head.
You reflexively headbutt those who attack you in melee.


Message History

Terence hits you with a +1 short sword of electrocution.
You block Terence's attack.
You barely miss Terence.
Terence is moderately wounded.
Terence hits you with a +1 short sword of electrocution.
You hit Terence but do no damage.
Terence is moderately wounded.
Terence hits you but does no damage. You block Terence's attack.
You hit Terence.
Terence is heavily wounded.
Terence hits you with a +1 short sword of electrocution.
You block Terence's attack.
You hit Terence. You headbutt Terence.
Terence is severely wounded.
Terence hits you with a +1 short sword of electrocution.
You hit Terence.
Terence is almost dead.
Terence drinks a potion.
Terence is healed!
You block Terence's attack.
You barely miss Terence.
Terence is heavily wounded.
Terence hits you with a +1 short sword of electrocution.
You hit Terence but do no damage.
Terence is heavily wounded.
Terence hits you with a +1 short sword of electrocution.
Terence asks, "Do you want it fast or slow?"
Terence hits you but does no damage.
You closely miss Terence. You headbutt Terence.
Terence is heavily wounded.
You block Terence's attack.
You closely miss Terence.
Terence is heavily wounded.
Terence hits you with a +1 short sword of electrocution.
Terence hits you but does no damage.
You closely miss Terence. Your headbutt misses Terence.
Terence is heavily wounded.
Terence hits you with a +1 short sword of electrocution.
* * * LOW HITPOINT WARNING * * *
You are electrocuted!!
Ouch! That really hurt!
You die...

#.........# .
#.####.##.## ..
##.#...######
.......#..#.......
.##.####.#...###
.........##.###
..............#
##.###.###.#.# # #
#@# #.#.# .#.# #@#
#.#.# .... #.#
#.#.# #.. ...
..#.# ### #$#
###[# #.# .# #.#
#.#


You could see Terence.

Vanquished Creatures
  Jessica (D:2)
  4 ball pythons (D:1)
  3 endoplasms (D:1)
  A giant cockroach (D:2)
  A goblin (D:1)
  3 hobgoblins
  2 jackals (D:1)
  A frilled lizard (D:1)
  4 kobolds
  5 rats (D:1)
25 creatures vanquished.

Notes
Turn   | Place    | Note
-------+----------+-------------------------------------------
     0 | D:1      | mordus the Minotaur Fighter began the quest for the Orb.
     0 | D:1      | Reached XP level 1. HP: 19/19 MP: 0/0
   363 | D:1      | Reached XP level 2. HP: 26/26 MP: 1/1
   762 | D:1      | Found a faded altar of an unknown god.
  1095 | D:2      | Noticed Jessica
  1103 | D:2      | Killed Jessica
  1104 | D:2      | Reached XP level 3. HP: 12/31 MP: 2/2
  1319 | D:2      | Noticed Terence
  1336 | D:2      | Mangled by Terence

Illustrated notes

Levels and vault maps discovered:
D:1:      grunt_arrival_lava_bath, layout_basic,
          hellmonk_ecumenical_altar_leap_of_faith, interstate_on_off
D:2:      layout_loops_ring, minmay_misc_feat_x, kennysheep_potato,
          uniq_jessica, uniq_terence

Skill      XL: |  1  2 |
---------------+-------+-----
Axes           | 3 |  3.9
Armour         | 4 |  4.2
Shields        | 4 |  4.1
Fighting       | |  3.6

Action                   || total
-------------------------++-------
Melee: War axe           ||    56
       Headbutt          ||    15
Armor: Scale mail        ||    20
Dodge: Dodged            ||     6
Block: Kite shield       ||    25

Table legend: (Time is in decaauts)
 A = Elapsed time spent in this place.
 B = Non-inter-level travel time spent in this place.
 C = Inter-level travel time spent in this place.
 D = Time resting spent in this place.
 E = Time spent auto-exploring this place.
 F = Levels seen in this place.
 G = Mean time per level.
                   A        B        C        D        E       F      G
               +--------+--------+--------+--------+--------+-----+--------+
         Total |   1366 |   1311 |     55 |      0 |   1154 |   2 |  683.0 |
       Dungeon |   1366 |   1311 |     55 |      0 |   1154 |   2 |  683.0 |
               +--------+--------+--------+--------+--------+-----+--------+

Top non-repeatable levels by time:
     D:1: 936 daAuts
     D:2: 430 daAuts
